 Dungeon Crawl Stone Soup version 0.28-a0-1190-g77e1c55843 (webtiles) character file.

Game seed: 7528612448792168850

22025 wakim the Grappler (level 12, -14/118 HPs)
             Began as a Troll Hunter on Dec 18, 2021.
             Was a High Priest of Fedhas.
             Demolished by a phantasmal warrior (28 damage)
             ... led by a death knight
             ... on level 12 of the Dungeon.
             The game lasted 01:19:35 (14810 turns).

wakim the Grappler (Troll Hunter)                  Turns: 14810, Time: 01:19:35

Health: -14/118    AC: 12    Str: 25    XL:     12   Next: 59%
Magic:  11/16      EV: 10    Int:  7    God:    Fedhas [*****.]
Gold:   1180       SH: 10    Dex: 12    Spells: 11/11 levels left

rFire   . . .      SeeInvis .     - Unarmed
rCold   . . .      Faith    .   W - +0 kite shield
rNeg    . . .      Spirit   .   E - +2 robe {Archmagi}
rPois   .          Reflect  .   (helmet restricted)
rElec   .          Harm     .   Q - +1 cloak
rCorr   +          Rampage  .   (gloves unavailable)
Will    .....      Archmagi +   (boots unavailable)
Stlth   +.........              (no amulet)
HPRegen 1.09/turn               k - +4 ring of protection
MPRegen 0.15/turn               l - ring of resist corrosion

@: about to teleport, weak-willed
A: large, unfitting armour, claws 3, regeneration 1, shaggy fur 1, tough skin 1
a: Renounce Religion, Wall of Briars, Grow Ballistomycete, Overgrow, Grow Oklob


You were on level 12 of the Dungeon.
You worshipped Fedhas.
Fedhas was extremely pleased with you.
You visited 3 branches of the dungeon, and saw 17 of its levels.

You collected 1468 gold pieces.
You spent 288 gold pieces at shops.

Inventory:

Missiles
 c - 5 large rocks {=f}
 d - 3 throwing nets {=f!f}
 g - 5 javelins
 j - 2 boomerangs
 n - 36 poisoned darts
 s - 228 stones (quivered)
 A - 3 curare-tipped darts {=f}
 Z - 5 silver javelins
Armour
 E - a +2 robe of the Archmagi (worn)
 Q - a +1 cloak (worn)
 W - a +0 kite shield (worn)
Jewellery
 k - a +4 ring of protection (left claw)
 l - a ring of resist corrosion (right claw)
 p - a ring of flight
 q - a +6 ring of intelligence
 t - a +6 ring of strength
 y - a ring of willpower
 P - a ring of protection from cold
 S - a +6 ring of dexterity
Wands
 u - a wand of mindburst (3)
 v - a wand of flame (24)
 w - a wand of acid (6)
 x - a wand of charming (6)
 z - a wand of polymorph (3)
Scrolls
 r - a scroll of identify
 R - a scroll of magic mapping {!r}
 T - 8 scrolls of teleportation
 U - 2 scrolls of fear
 V - 3 scrolls of vulnerability {!r!r}
 X - a scroll of fog
Potions
 B - a potion of attraction {!q}
 C - a potion of berserk rage {!q}
 D - 2 potions of brilliance
 F - 2 potions of curing
 G - 5 potions of flight
 H - 2 potions of haste
 I - a potion of invisibility
 J - a potion of heal wounds
 K - 2 potions of magic
 L - 2 potions of lignification {!q}
 M - 5 potions of mutation {!q}
 N - 2 potions of might
 O - a potion of resistance
Miscellaneous
 o - a piece from Xom's chessboard (15/15)


   Skills:
 + Level 7.2 Fighting
 + Level 9.1 Throwing
 - Level 1.5 Dodging
 - Level 0.3 Stealth
 - Level 9.0 Shields
 + Level 10.1 Unarmed Combat
 * Level 7.2 Invocations
 - Level 4.0 Evocations


You had 11 spell levels left.
You didn't know any spells.
Your spell library contained the following spells:

 Spells                   Type           Power      Damage    Failure   Level
 Summon Small Mammal      Summ           0%         N/A       43%         1
 Blink                    Tloc           0%         N/A       56%         2
 Corpse Rot               Necr/Air       0%         N/A       56%         2
 Poisonous Vapours        Pois/Air       0%         N/A       56%         2
 Scorch                   Fire           0%         2d5       56%         2
 Call Canine Familiar     Summ           0%         N/A       80%         3
 Summon Guardian Golem    Hex/Summ       0%         N/A       80%         3
 Flame Wave               Conj/Fire      0%         2d4       99%         4
 Hailstorm                Conj/Ice       0%         3d3       99%         4
 Ice Form                 Ice/Tmut       0%         N/A       99%         4
 Manifold Assault         Tloc           0%         N/A       100%        5
 Simulacrum               Ice/Necr       0%         N/A       100%        6
 Summon Cactus Giant      Summ           0%         N/A       100%        6
 Storm Form               Tmut/Air       0%         N/A       100%        7


Dungeon Overview and Level Annotations

Branches:
Dungeon (12/15)            Temple (1/1) D:7            Lair (4/6) D:9
  Swamp (0/4) Lair:2          Orc (0/2) D:9
  Snake: Lair:2-4    Spider: Lair:2-4

Altars:
Ashenzari
Cheibriados
Dithmenos
Elyvilon
Fedhas
Gozag
Kikubaaqudgha
Okawaru
Qazlal
Sif Muna
Trog
Xom
The Shining One

Shops:
D:9 *   D:11 ?

Annotations:
D:9 2 transporters
Lair:4 2 transporters


Innate Abilities, Weirdness & Mutations

You are too large for most types of armour.
You have claws for hands.
Your natural rate of healing is unusually fast.
You are covered in fur. (AC +1)
You have tough skin. (AC +1)


Message History

The stone closely misses the phantasmal warrior.
The phantasmal warrior gestures at you.
The phantasmal warrior blinks!
Throw: 230 stones
Press: ? - help, Q - select action, (/) - cycle Shift-Dir - straight line, f/p - phantasmal warrior
Aim: a phantasmal warrior (moderately damaged, ally target, 65% to hit)
You throw a stone. Fedhas protects your plant from harm.
The stone hits the phantasmal warrior but does no damage.
The phantasmal warrior is moderately damaged.
The death knight hits your briar patch with a +0 broad axe!
Throw: 229 stones
Press: ? - help, Q - select action, (/) - cycle Shift-Dir - straight line, f/p - phantasmal warrior
Aim: a phantasmal warrior (translocational energy, moderately damaged, ally target, 65% to hit)
You throw a stone. Fedhas protects your plant from harm.
The stone hits the phantasmal warrior but does no damage.
The phantasmal warrior is moderately damaged.
The death knight is struck by your briar patch's thorns.
The death knight hits your briar patch with a +0 broad axe!!
Your briar patch is destroyed!
Your briar patch disappears in a puff of smoke!
As you read the scroll of teleportation, it crumbles to dust.
You feel strangely unstable. The phantasmal warrior gestures at you.
The phantasmal warrior blinks!
Unknown command.
You walk carefully through the plants.
The death knight mumbles some strange prayers to Yredelemnul against you.
Your body is wracked with pain!
* * * LOW HITPOINT WARNING * * *
The phantasmal warrior hits you but does no damage.
Okay, then.
You completely miss the phantasmal warrior.
The phantasmal warrior is moderately damaged.
The death knight hits you with a +0 broad axe!!
* * * LOW HITPOINT WARNING * * *
The phantasmal warrior hits you!!
You die...
Fedhas appreciates your contribution to the ecosystem.

##########
p((......#
.#######(#
#.# #p####
#.@W<#
######


You could see a death knight and a phantasmal warrior (ally target).

Vanquished Creatures
  2 two-headed ogres
  A deep elf pyromancer (D:6)
  A manticore (D:10)
  An elephant (Lair:2)
  3 cane toads
  A torpor snail (Lair:3)
  A gargoyle (D:12)
  A komodo dragon (D:9)
  6 kobold demonologists
  A polar bear (Lair:3)
  2 tyrant leeches (Lair:2)
  The ghost of ma3 the Caller, a novice FeSu of Gozag (D:5)
  4 blink frogs (Lair:3)
  A shadow (D:8)
  4 wyverns
  2 wraiths
  38 yaks
  The ghost of kae the Chopper, an amateur HOFi (D:3)
  4 basilisks
  5 swamp worms (Lair:2)
  An acid dragon (D:9)
  7 water moccasins
  6 orc warriors
  2 sky beasts
  A black bear (D:7)
  2 necrophages
  5 centaurs
  3 ogres
  10 wolves
  2 phantoms
  5 bullfrogs
  3 kobold brigands
  2 gnoll sergeants
  2 scorpions (D:5)
  2 water moccasin zombies
  A jelly (D:7)
  3 killer bees (D:10)
  8 wights
  A bullfrog zombie (D:6)
  5 howler monkeys
  2 centaur zombies
  2 bullfrog skeletons
  5 hounds
  2 orc priests (D:4)
  An iron imp (D:8)
  5 iguanas
  3 gnoll shamans
  9 orc wizards
  A howler monkey zombie (D:8)
  24 gnolls
  2 howler monkey skeletons
  7 adders
  2 white imps
  An adder skeleton (D:4)
  30 orcs
  6 ball pythons
  5 bats
  4 endoplasms
  3 giant cockroaches
  4 goblins
  7 hobgoblins
  5 quokkas
  2 frilled lizards
  13 kobolds
  4 rats
300 creatures vanquished.

Vanquished Creatures (collateral kills)
  Erica (Lair:1)
  An adder (D:6)
  A ballistomycete spore (D:9)
3 creatures vanquished.

Vanquished Creatures (others)
  An orc wizard (D:8)
  9 fungi
  12 plants
22 creatures vanquished.

Grand Total: 325 creatures vanquished

Notes
Turn   | Place    | Note
-------+----------+-------------------------------------------
     0 | D:1      | wakim the Troll Hunter began the quest for the Orb.
     0 | D:1      | Reached XP level 1. HP: 19/19 MP: 0/0
   177 | D:1      | Reached skill level 1 in Unarmed Combat
   195 | D:1      | Reached XP level 2. HP: 28/28 MP: 1/1
   646 | D:2      | Reached skill level 2 in Unarmed Combat
   646 | D:2      | Reached XP level 3. HP: 35/35 MP: 2/2
   706 | D:2      | Found a faded altar of an unknown god.
   963 | D:2      | Found a broken altar of Ashenzari.
  1555 | D:2      | Prayed at the altar of an unknown god.
  1555 | D:2      | Became a worshipper of Fedhas Madash
  1555 | D:2      | Reached * piety under Fedhas
  1690 | D:3      | Reached skill level 3 in Unarmed Combat
  1690 | D:3      | Reached XP level 4. HP: 44/44 MP: 3/3
  1707 | D:3      | Found a runed translucent door.
  1708 | D:3      | Noticed kae's ghost (amateur HOFi)
  1784 | D:3      | Found a runed translucent door.
  2110 | D:3      | Reached XP level 5. HP: 49/50 MP: 4/4
  2161 | D:3      | Reached ** piety under Fedhas
  2167 | D:3      | Found a shimmering altar of Xom.
  3271 | D:4      | Reached skill level 4 in Unarmed Combat
  3447 | D:5      | Entered Level 5 of the Dungeon
  3490 | D:5      | Noticed a sky beast
  3503 | D:5      | Reached skill level 1 in Invocations
  3507 | D:4      | Killed a sky beast
  3508 | D:4      | Reached XP level 6. HP: 61/61 MP: 5/5
  3818 | D:5      | Reached XP level 7. HP: 65/67 MP: 7/7
  3963 | D:5      | Reached skill level 5 in Throwing
  4171 | D:5      | Reached skill level 5 in Unarmed Combat
  4192 | D:5      | Reached *** piety under Fedhas
  4254 | D:5      | Reached XP level 8. HP: 78/78 MP: 9/9
  4435 | D:6      | Found an ancient bone altar of Kikubaaqudgha.
  4450 | D:6      | Found a shadowy altar of Dithmenos.
  4523 | D:6      | Noticed a two-headed ogre
  4524 | D:6      | Noticed ma3's ghost (novice FeSu)
  4528 | D:6      | Noticed a deep elf pyromancer
  4629 | D:6      | Found a bloodstained altar of Trog.
  4874 | D:6      | Found a runed translucent gate.
  5013 | D:6      | Reached skill level 6 in Unarmed Combat
  5064 | D:6      | Found a runed translucent gate.
  5064 | D:6      | Found a runed translucent gate.
  5387 | D:3      | Killed kae's ghost
  5474 | D:7      | Found an opulent altar of Gozag.
  5528 | D:6      | Reached XP level 9. HP: 55/84 MP: 11/11
  5585 | D:7      | Reached **** piety under Fedhas
  5655 | D:7      | Reached skill level 5 in Invocations
  6086 | D:7      | Reached skill level 1 in Evocations
  6132 | D:7      | Found a staircase to the Ecumenical Temple.
  6141 | Temple   | Entered the Ecumenical Temple
  6317 | D:7      | Reached skill level 7 in Unarmed Combat
  6722 | D:8      | Found an iron altar of Okawaru.
  7468 | D:8      | Found a snail-covered altar of Cheibriados.
  7584 | D:8      | Found a shimmering blue altar of Sif Muna.
  7680 | D:9      | Found a staircase to the Orcish Mines.
  7713 | D:9      | Reached skill level 5 in Fighting
  7728 | D:9      | Reached skill level 8 in Unarmed Combat
  7791 | D:9      | Found Ebimah's Assorted Antiques.
  7797 | D:9      | Bought 2 fuming pink potions for 57 gold pieces
  7839 | D:9      | Found a broken altar of Ashenzari.
  7839 | D:9      | Noticed a tengu warrior
  7839 | D:9      | Noticed a deep elf archer
  7841 | D:9      | Noticed a five-headed hydra
  7847 | D:9      | Found a transporter.
  7864 | D:9      | Reached XP level 10. HP: 96/96 MP: 12/12
  7893 | D:9      | Found a staircase to the Lair.
  7940 | D:9      | Reached skill level 1 in Shields
  7987 | D:9      | Found a glowing golden altar of the Shining One.
  8037 | D:9      | Found a white marble altar of Elyvilon.
  8448 | D:9      | Found a transporter.
  8767 | D:6      | Killed a two-headed ogre
  8831 | D:5      | Killed ma3's ghost
  8919 | D:6      | Killed a deep elf pyromancer
  9074 | Lair:1   | Entered Level 1 of the Lair of Beasts
  9077 | Lair:1   | Noticed a seven-headed hydra
  9179 | D:10     | Entered Level 10 of the Dungeon
  9248 | Lair:1   | Reached skill level 5 in Shields
  9432 | Lair:1   | Noticed a cane toad
  9446 | Lair:1   | Killed a cane toad
  9623 | Lair:1   | Noticed a cane toad
  9636 | Lair:1   | Killed a cane toad
  9736 | Lair:1   | Reached XP level 11. HP: 101/105 MP: 13/13
  9949 | Lair:1   | Noticed Erica
  9970 | Lair:1   | Killed Erica
 10332 | Lair:2   | Identified a scroll of acquirement
 10332 | Lair:2   | Acquired 325 gold pieces
 10508 | Lair:2   | Noticed a five-headed hydra
 11179 | Lair:2   | Noticed a six-headed hydra
 11179 | Lair:2   | Noticed a six-headed hydra
 11803 | Lair:2   | Found a staircase to the Swamp.
 12377 | Lair:3   | Reached skill level 9 in Unarmed Combat
 12771 | Lair:3   | Reached XP level 12. HP: 87/115 MP: 15/15
 13041 | Lair:4   | Identified the ring "Ceitaj" {MP+9 Dex+3}
 13077 | Lair:4   | Found a transporter.
 13077 | Lair:4   | Found a transporter.
 13186 | Lair:4   | Noticed a five-headed hydra
 13485 | D:10     | Reached ***** piety under Fedhas
 13499 | D:10     | Noticed a two-headed ogre
 13523 | D:10     | Killed a two-headed ogre
 14592 | D:11     | Found Lyubouve's Magic Scroll Shop.
 14597 | D:11     | Bought a scroll of fear for 49 gold pieces
 14597 | D:11     | Bought a scroll of fear for 49 gold pieces
 14597 | D:11     | Bought a scroll of identify for 28 gold pieces
 14597 | D:11     | Bought a scroll of blinking for 105 gold pieces
 14696 | D:12     | Reached skill level 10 in Unarmed Combat
 14795 | D:12     | Noticed a death knight
 14810 | D:12     | Demolished by a phantasmal warrior

Illustrated notes

Levels and vault maps discovered:
D:1:      dpeg_arrival_subterranean_lakeside_camping, layout_rooms
D:2:      layout_loops_corners, shapermc_ecumenical_altar_mp_highgroup,
          basic_altar
D:3:      layout_loops_ring, xom_butterflies, ebering_ghost_sewer_f
D:4:      layout_loops_cross
D:5:      layout_loops_ring, minmay_chambers_of_fives
D:6:      layout_cave_pools, marbit_many_paths,
          mainiacjoe_overflow_catch_the_wave, gammafunk_ghost_split,
          serial_glass, glass_columns_a, glass_columns_c, glass_columns_b,
          glass_columns_a, glass_columns_a, glass_columns_b, glass_columns_a,
          glass_columns_b, glass_columns_b, glass_columns_b
D:7:      layout_loops_ring, nicolae_gozag_seed_capital,
          minmay_temple_entry_glassed_door
D:8:      layout_basic, slow_altar_2, led_sif_book, mainiacjoe_overflow_catwalk
D:9:      layout_stronghold, gammafunk_temple_overflow_arena,
          old_standard_altar, tso_altar, lair_entry_dummy, orc_0_dummy,
          serial_shops, shop
D:10:     layout_roguey, serial_shops, kennysheep_mini_moat
D:11:     layout_big_octagon, serial_shops, nicolae_shop_hallway_plus
D:12:     layout_basic, hangedman_abyss_or_decor_clamps,
          david_defended_altar_orc
Temple:   chequers_temple_sunken
Lair:1:   layout_regular_city, grunt_megastairs_4, uniq_erica
Lair:2:   layout_roguey, palyth_hydra_swamp_entry, beast_lair_carwin_7,
          infiniplex_staircase_pool_2
Lair:3:   layout_regular_city
Lair:4:   minmay_lair_oklob_chamber, layout_gridlike,
          spider_nest_entry_web_field, gammafunk_ghost_hive,
          gammafunk_lair_bear_cave, lemuel_fruit_fields

Skill      XL: |  1  2  3  4  5  6  7  8  9 10 11 12 |
---------------+-------------------------------------+-----
Unarmed Combat | 1 2 3 4 5 6 8 9 10 | 10.1
Fighting       | 2 3 4 5 6 7 |  7.2
Throwing       | 4 5 7 8 9 |  9.1
Invocations    | 1 2 4 5 7 |  7.2
Evocations     | 2 4 |  4.0
Shields        | 6 9 |  9.0
Dodging        | |  1.5
Stealth        | |  0.3

Action                   |  1- 3 |  4- 6 |  7- 9 | 10-12 || total
-------------------------+-------+-------+-------+-------++-------
Melee: Unarmed           |    64 |   115 |   254 |   659 ||  1092
       Short sword       |     3 |       |       |       ||     3
       Punch             |       |     1 |    14 |     3 ||    18
Throw: Stone             |       |    26 |   129 |   111 ||   266
       Dart              |       |    14 |    78 |    53 ||   145
       Boomerang         |       |       |       |     2 ||     2
Invok: Wall of Briars    |       |       |     1 |    12 ||    13
       Grow Ballistomyce |       |       |       |     1 ||     1
Evoke: Wand              |       |       |       |     8 ||     8
       Piece from Xom's  |       |       |       |     5 ||     5
  Use: Scroll            |       |     8 |     7 |    11 ||    26
       Potion            |       |       |       |     2 ||     2
 Stab: Sleeping          |     2 |       |       |     1 ||     3
Armor: Robe              |    17 |    27 |    77 |   215 ||   336
Dodge: Dodged            |    27 |    34 |   113 |   234 ||   408
Block: Kite shield       |       |       |       |   248 ||   248

Table legend: (Time is in decaauts)
 A = Elapsed time spent in this place.
 B = Non-inter-level travel time spent in this place.
 C = Inter-level travel time spent in this place.
 D = Time resting spent in this place.
 E = Time spent auto-exploring this place.
 F = Levels seen in this place.
 G = Mean time per level.
                   A        B        C        D        E       F      G
               +--------+--------+--------+--------+--------+-----+--------+
         Total |  14678 |  11973 |   2705 |    936 |   1503 |  17 |  863.4 |
       Dungeon |  10778 |   8594 |   2184 |    391 |   1426 |  12 |  898.2 |
        Temple |      1 |      1 |      0 |      0 |      0 |   1 |    1.0 |
          Lair |   3898 |   3378 |    520 |    545 |     77 |   4 |  974.5 |
               +--------+--------+--------+--------+--------+-----+--------+

Top non-repeatable levels by time:
  Lair:1: 1423 daAuts
  Lair:3: 1305 daAuts
     D:8: 1271 daAuts
     D:6: 1201 daAuts
     D:9: 1164 daAuts
     D:2: 1135 daAuts
  Lair:2: 1125 daAuts
     D:5: 991 daAuts
    D:10: 979 daAuts
     D:7: 939 daAuts
     D:4: 938 daAuts
     D:3: 925 daAuts
     D:1: 690 daAuts
    D:11: 462 daAuts
    D:12: 77 daAuts
